 Dungeon Crawl Stone Soup version 0.28.0-45-g0d030f2227 (webtiles) character file.

Game seed: 11564845690231666375

1040 Revguard the Sneak (level 8, -5/52 HPs)
             Began as an Octopode Transmuter on Apr 12, 2022.
             Was an Initiate of Wu Jian.
             Slain by a scorpion (6 damage)
             ... on level 6 of the Dungeon.
             The game lasted 00:20:38 (6655 turns).

Revguard the Sneak (Octopode Transmuter)            Turns: 6655, Time: 00:20:42

Health: -5/52      AC:  1    Str:  9    XL:     8   Next: 24%
Magic:  13/14      EV: 14    Int: 16    God:    Wu Jian [......]
Gold:   206        SH:  0    Dex: 14    Spells: 4/15 levels left

rFire   . . .      SeeInvis .     - Unarmed
rCold   . . .      Faith    .   (no shield)
rNeg    . . .      Spirit   .   (helmet currently unavailable)
rPois   .          Reflect  .   (no amulet)
rElec   .          Harm     .   d - ring of wizardry
rCorr   .          Rampage  .   i - ring of flight
Will    .....                   (no ring)
Stlth   ++++......              (no ring)
HPRegen 0.17/turn               (no ring)
MPRegen 0.14/turn               (no ring)
                                (no ring)
                                (no ring)

@: lethally poisoned (-5 -> -22), appendages (expiring), weak-willed, flying
A: tentacle spike 3, almost no armour, amphibious, 8 rings, camouflage 1,
gelatinous body 1, (nimble swimmer 1), tentacles
a: End Transformation, Renounce Religion


You were on level 6 of the Dungeon.
You worshipped Wu Jian.
Wu Jian was noncommittal.
One of your tentacles had grown a beastly spike.
You visited 2 branches of the dungeon, and saw 7 of its levels.

You collected 206 gold pieces.

Inventory:

Missiles
 g - a throwing net
Jewellery
 d - a ring of wizardry (left tentacle)
 f - a ring of fire
 i - a ring of flight (right tentacle)
Wands
 l - a wand of iceblast (9)
Scrolls
 a - 3 scrolls of noise
 c - 2 scrolls of teleportation
 k - a scroll of enchant armour


   Skills:
 + Level 3.2 Fighting
 + Level 4.0 Dodging
 + Level 4.6 Stealth
 + Level 4.4 Unarmed Combat
 * Level 4.0 Spellcasting
 + Level 3.8 Transmutations
 + Level 3.4 Poison Magic
 + Level 1.8 Evocations


You had 4 spell levels left.
You knew the following spells:

 Your Spells              Type           Power      Damage    Failure   Level
a - Beastly Appendage     Tmut           30%        N/A       1%          1
b - Wereblood             Tmut           15%        N/A       2%          2
c - Spider Form           Tmut/Pois      14%        N/A       4%          3
d - Blade Hands           Tmut           7%         N/A       34%         5

Your spell library contained the following spells:

 Spells                   Type           Power      Damage    Failure   Level
 Gell's Gravitas          Tloc           3%         N/A       21%         3
 Portal Projectile        Hex/Tloc       6%         N/A       21%         3
 Teleport Other           Tloc           3%         N/A       21%         3
 Ice Form                 Ice/Tmut       9%         N/A       28%         4
 Excruciating Wounds      Necr           1%         N/A       86%         5
 Dispersal                Tloc           1%         N/A       100%        6


Dungeon Overview and Level Annotations

Branches:
Dungeon (6/15)             Temple (1/1) D:4

Altars:
Ashenzari
Cheibriados
Elyvilon
Fedhas
Gozag
Hepliaklqana
Kikubaaqudgha
Makhleb
Nemelex Xobeh
Okawaru
Qazlal
Ru
Sif Muna
Trog
Vehumet
Wu Jian
Xom
Yredelemnul
Zin
The Shining One

Shops:
D:6 :


Innate Abilities, Weirdness & Mutations

One of your tentacles has grown a beastly spike.
You cannot wear most types of armour.
You are amphibious.
You can wear up to eight rings at the same time.
Your skin changes colour to match your surroundings (Stealth+).
Your rubbery body absorbs attacks. (AC +1, EV +1)
((You are camouflaged when in or above water. (Stealth+)))
You have tentacles for arms and can constrict up to eight enemies at once.


Message History

You kill the orc!
The Council accepts your kill.
You tentacle-slap the scorpion. Your grab misses the scorpion.
You pierce the scorpion, but do no damage.
Your squeeze misses the scorpion.
The scorpion is lightly wounded.
The scorpion closely misses you.
You tentacle-slap the scorpion but do no damage.
Your grab misses the scorpion.
Your tentacle spike misses the scorpion.
Your tentacle-slap misses the scorpion.
You squeeze the scorpion.
The scorpion is lightly wounded.
The scorpion stings you.
You are poisoned.
The scorpion poisons you!
You tentacle-slap the scorpion but do no damage.
Your grab misses the scorpion.
The scorpion is lightly wounded.
You feel very sick. The scorpion stings you!
You tentacle-slap the scorpion but do no damage.
You grab the scorpion.
The scorpion is lightly wounded.
You constrict the scorpion, but do no damage.
You feel sick. The scorpion stings you!
* * * LOW HITPOINT WARNING * * *
The scorpion stings you.
* * * LOW HITPOINT WARNING * * *
You are more poisoned.
The scorpion poisons you!
You aren't carrying any potions.
Unknown command.
As you read the scroll labelled MEFIG COLU, it crumbles to dust.
Magic quickly surges around you.
It was a scroll of vulnerability.
Your transformation is almost over.
You constrict the scorpion.
* * * LOW HITPOINT WARNING * * *
You feel very sick. The scorpion stings you.
You die...

#.# ##.#
#.# ###'#
#.# #.#)#
#.# #.#)#
#.# #.#∩#
##.####.'.#
#.......'.#
#########<#
#@#### #
#s#..#
#.#l#..####
#....)..[.#
#.........#
#.........#
#####.....#
.....+
.....#


You could see a scorpion (weak-willed) and an iguana (weak-willed).

Vanquished Creatures
  Edmund (D:6)
  Pargi (D:4)
  An orc warrior (D:6)
  An ogre (D:5)
  A bullfrog zombie (D:4)
  4 hounds
  A centaur skeleton (D:5)
  Crazy Yiuf (D:4)
  An iguana (D:5)
  5 orc wizards (D:6)
  2 killer bee zombies
  Robin (D:4)
  8 gnolls
  7 adders
  An ufetubus (D:5)
  A worm (D:4)
  2 dart slugs
  4 orcs
  5 ball pythons
  3 endoplasms
  2 giant cockroaches (D:2)
  18 goblins
  10 hobgoblins
  5 quokkas
  3 bats
  5 frilled lizards
  7 kobolds
  5 rats
  A spectral goblin (D:3)
107 creatures vanquished.

Notes
Turn   | Place    | Note
-------+----------+-------------------------------------------
     0 | D:1      | Revguard the Octopode Transmuter began the quest for the
                  | Orb.
     0 | D:1      | Reached XP level 1. HP: 13/13 MP: 3/3
   395 | D:1      | Reached XP level 2. HP: 14/18 MP: 3/5
   414 | D:1      | Learned a level 2 spell: Wereblood
   422 | D:1      | Reached skill level 1 in Stealth
  1027 | D:2      | HP: 1/27 [goblin/+0 club (1)]
  1258 | D:2      | Reached XP level 3. HP: 19/23 MP: 4/6
  1262 | D:2      | Learned a level 3 spell: Spider Form
  1694 | D:2      | Reached XP level 4. HP: 27/28 MP: 5/7
  2251 | D:3      | Found a faded altar of an unknown god.
  2292 | D:3      | Found a bloodstained altar of Trog.
  2406 | D:3      | Reached skill level 1 in Poison Magic
  2653 | D:3      | Reached XP level 5. HP: 19/34 MP: 6/8
  3142 | D:4      | Noticed Robin
  3160 | D:4      | Killed Robin
  3509 | D:4      | Found a faded altar of an unknown god.
  3509 | D:4      | Found an iron altar of Okawaru.
  3517 | D:4      | Found a basalt altar of Yredelemnul.
  3519 | D:4      | Found a shimmering blue altar of Sif Muna.
  3520 | D:4      | Found an opulent altar of Gozag.
  3599 | D:4      | Reached XP level 6. HP: 24/39 MP: 8/10
  3874 | D:4      | Found a burning altar of Makhleb.
  4135 | D:4      | Found a staircase to the Ecumenical Temple.
  4135 | D:4      | Noticed Pargi
  4283 | D:4      | Found a runed translucent door.
  4284 | D:4      | Noticed Crazy Yiuf
  4488 | D:4      | Killed Crazy Yiuf
  4703 | D:5      | Entered Level 5 of the Dungeon
  5168 | D:5      | Reached XP level 7. HP: 27/45 MP: 11/11
  5175 | D:5      | Learned a level 5 spell: Blade Hands
  5459 | D:5      | Found a sparkling altar of Nemelex Xobeh.
  6027 | D:4      | Killed Pargi
  6042 | Temple   | Entered the Ecumenical Temple
  6253 | Temple   | Became a worshipper of the Wu Jian Council
  6322 | D:6      | Found Bukius's Book Shoppe.
  6350 | D:6      | Reached skill level 1 in Evocations
  6409 | D:6      | Noticed Edmund
  6433 | D:6      | Reached XP level 8. HP: 18/52 MP: 9/13
  6466 | D:6      | Killed Edmund
  6655 | D:6      | HP: 1/52 [poisoned by a scorpion]
  6655 | D:6      | Slain by a scorpion

Illustrated notes

Levels and vault maps discovered:
D:1:      scummos_arrival_gate, layout_rooms
D:2:      layout_loops_ring
D:3:      layout_rooms, mainiacjoe_overflow_24_doors,
          dreamdust_ecumenical_altar_drowned_temple, kennysheep_generic_room_2
D:4:      layout_loops_ring, makhleb_heckhound_becter,
          chequers_temple_overflow_minitemple, minmay_temple_entry_from_below_a,
          uniq_pargi, uniq_crazy_yiuf_cottage, uniq_robin
D:5:      layout_cave_pods, mainiacjoe_overflow_boulevard, minmay_crystal_room
D:6:      layout_basic, nicolae_dithmenos_through_a_glass_darkly,
          nicolae_ossuary_entry_giza, serial_shops, nicolae_shop_hallway_stairs,
          nicolae_inconvenience_store, uniq_edmund, uniq_maggie
Temple:   nicolae_temple_god_jail

Skill      XL: |  1  2  3  4  5  6  7  8 |
---------------+-------------------------+-----
Stealth        | 1 2 3 4 |  4.6
Poison Magic   | 1 2 3 |  3.4
Fighting       | 2 3 |  3.2
Dodging        | 3 4 |  4.0
Transmutations | 3 |  3.8
Spellcasting   | 3 4 |  4.0
Unarmed Combat | 4 |  4.4
Evocations     | 1 |  1.8

Action                   |  1- 3 |  4- 6 |  7- 9 || total
-------------------------+-------+-------+-------++-------
Melee: Unarmed           |    58 |   137 |    69 ||   264
       Constrict         |    17 |    25 |    10 ||    52
       Kick              |    11 |    33 |    10 ||    54
       Tentacles         |    10 |    24 |    13 ||    47
       Punch             |       |     4 |     3 ||     7
 Cast: Beastly Appendage |    15 |    18 |     7 ||    40
       Wereblood         |     1 |     1 |     2 ||     4
       Spider Form       |       |     4 |     3 ||     7
       Blade Hands       |       |       |     1 ||     1
Invok: Lunge             |       |       |     6 ||     6
  Use: Potion            |     3 |     3 |     2 ||     8
       Scroll            |       |     3 |     3 ||     6
 Stab: Sleeping          |     7 |     6 |     3 ||    16
       Distracted        |       |     1 |       ||     1
Armor: Skin              |     9 |     6 |     3 ||    18
Dodge: Dodged            |    31 |   107 |    49 ||   187
